 Dungeon Crawl Stone Soup version 0.28-a0-382-g33c4956463 (webtiles) character file.

Game seed: 15580818353947139507

296 Ijustatesigmund the Cudgeller (level 6, -5/40 HPs)
             Began as a Gargoyle Fighter on Sept 2, 2021.
             Slain by Menkaure (16 damage)
             ... on level 4 of the Dungeon.
             The game lasted 00:07:11 (3129 turns).

Ijustatesigmund the Cudgeller (Gargoyle Fighter)    Turns: 3129, Time: 00:07:11

Health: -5/40      AC: 14    Str: 19    XL:     6   Next: 35%
Magic:  6/6        EV:  7    Int:  9    God:
Gold:   204        SH:  9    Dex: 11    Spells: 5/5 levels left

rFire   . . .      SeeInvis .   a - +1 flail
rCold   . . .      Faith    .   c - +1 kite shield
rNeg    + . .      Spirit   .   b - +1 scale mail
rPois   ∞          Reflect  .   n - +1 helmet
rElec   +          Harm     .   (no cloak)
rCorr   .          Rampage  .   (no gloves)
Will    .....                   (no boots)
Stlth   ..........              (no amulet)
HPRegen 0.13/turn               (no ring)
MPRegen 0.10/turn               (no ring)

@: hasted, very quick
A: sickness immunity, AC +4, negative energy resistance 1, electricity
resistance, torment resistance 1, petrification resistance
a: no special abilities


You were on level 4 of the Dungeon.
You visited 1 branch of the dungeon, and saw 4 of its levels.
You also visited: Sewer.

You collected 204 gold pieces.

Inventory:

Hand Weapons
 a - a +1 flail (weapon)
Armour
 b - a +1 scale mail (worn)
 c - a +1 kite shield (worn)
 n - a +1 helmet (worn)
Jewellery
 g - an amulet of the acrobat
Wands
 i - a wand of flame (12)
Scrolls
 m - a scroll of fear
 p - a scroll of fog
Potions
 d - 2 potions of might
 e - a potion of magic
 f - 2 potions of cancellation
 h - 2 potions of attraction
 j - 2 potions of invisibility
 l - a potion of mutation {unknown}
 r - a potion of resistance {unknown}


   Skills:
 + Level 5.0 Fighting
 + Level 5.4 Maces & Flails
 + Level 3.4 Armour
 - Level 3.2 Shields


You had 5 spell levels left.
You didn't know any spells.
Your spell library contained the following spells:

 Spells                   Type           Power      Damage    Failure   Level
 Magic Dart               Conj           0%         1d3       99%         1
 Call Imp                 Summ           0%         N/A       100%        2
 Mephitic Cloud           Conj/Pois/Air  0%         N/A       100%        3


Dungeon Overview and Level Annotations

Branches:
Dungeon (4/15)              Sewer (visited)
 Temple: D:4-7

Altars:
Fedhas
Okawaru

Annotations:
D:4 Menkaure


Innate Abilities, Weirdness & Mutations

You are immune to sickness and miasma.
Your stone body is resilient. (AC +4)
You are immune to poison.
You resist negative energy. (rN+)
You are resistant to electric shocks. (rElec)
You are resistant to unholy torment.
You are immune to petrification.


Message History

You enter the shallow water.
Moving in this stuff is going to be slow.
You enter the shallow water.
Moving in this stuff is going to be slow.
You enter the shallow water.
Moving in this stuff is going to be slow.
You see here a rat skeleton.
Things that are here:
a river rat skeleton; a river rat skeleton You enter the shallow water.
Moving in this stuff is going to be slow.
You enter the shallow water.
Moving in this stuff is going to be slow.
Menkaure, Prince of Dust comes into view.
Menkaure shouts!
You start waiting.
Menkaure is nearby!
Menkaure mumbles some strange words.
Menkaure seems to speed up.
Menkaure points at you and mumbles some strange words.
You barely resist. You hit Menkaure.
Menkaure is lightly damaged.
Menkaure calls on the powers of darkness!
Your body is wracked with pain!
You hit Menkaure.
Menkaure is lightly damaged.
You block Menkaure's attack. Menkaure hits you.
You completely miss Menkaure.
Menkaure is lightly damaged.
Menkaure hits you! x2
* * * LOW HITPOINT WARNING * * *
You are too injured to fight recklessly!
You are too injured to fight recklessly!
It was a potion of curing.
You feel better. You block Menkaure's attack.
You feel yourself speed up. You block Menkaure's attack.
It was a potion of magic.
Magic courses through your body. Menkaure hits you!
* * * LOW HITPOINT WARNING * * *
You feel better. Menkaure hits you!
You die...

## #.#####+######
#.##.##.#........
#.#P.P#.#........
#......)#........
.#.......#........
.#..####'#........
.#..#...........##+####
.####.....####+##.....#
..........#.....@M....#
...............##.....#
........##.#######....#
†.......#.##.÷≈≈≈##.....
.########≈#≈#####≈#.....
.# #≈#≈##≈##≈# ..## .#
#≈#≈#.#≈#≈# .# .#
#.#.#.#÷#≈# .# .#
#≈#≈###≈#≈#


You could see Menkaure (fast).

Vanquished Creatures
  An iguana (D:4)
  A hound skeleton (D:3)
  4 gnolls (D:3)
  7 river rats
  7 adders
  2 dart slugs (D:1)
  2 worms
  2 orcs
  3 ball pythons
  6 bats
  7 endoplasms
  4 giant cockroaches
  9 goblins
  7 hobgoblins
  4 jackals
  5 kobolds
  2 quokkas
  10 frilled lizards
  9 rats
92 creatures vanquished.

Vanquished Creatures (others)
  26 plants (D:4)
26 creatures vanquished.

Grand Total: 118 creatures vanquished

Notes
Turn   | Place    | Note
-------+----------+-------------------------------------------
     0 | D:1      | Ijustatesigmund the Gargoyle Fighter began the quest for
                  | the Orb.
     0 | D:1      | Reached XP level 1. HP: 14/14 MP: 1/1
    89 | D:1      | Reached XP level 2. HP: 19/19 MP: 2/2
   460 | D:2      | Reached XP level 3. HP: 24/24 MP: 3/3
   582 | D:2      | Noticed a scorpion
  1027 | D:2      | Reached XP level 4. HP: 29/29 MP: 4/4
  1851 | D:3      | Reached XP level 5. HP: 34/34 MP: 5/5
  2207 | D:4      | Found an iron altar of Okawaru.
  2476 | D:4      | Reached skill level 5 in Maces & Flails
  2505 | D:4      | Found a blossoming altar of Fedhas.
  2509 | D:4      | Noticed a necrophage
  2509 | D:4      | Noticed a necrophage
  2567 | D:4      | Reached XP level 6. HP: 26/40 MP: 6/6
  2614 | D:4      | Found a glowing drain.
  2618 | Sewer    | Entered a sewer
  2766 | Sewer    | Reached skill level 5 in Fighting
  3114 | D:4      | Noticed Menkaure
  3129 | D:4      | Slain by Menkaure

Illustrated notes

Levels and vault maps discovered:
D:1:      moated_graveyard_arrival, layout_basic
D:2:      layout_basic, st_stairs_10, minmay_statues_item,
          lightli_corner_chamber
D:3:      layout_rooms, minmay_misc_feat_hallway, chequers_serial_rivers_micro_c
D:4:      layout_gridville, mainiacjoe_overflow_boulevard,
          fedhas_altar_decomposition, gup_sewer_entry_spiral,
          chequers_serial_rivers_room_a, serial_bayou_lagoon_a, uniq_menkaure

Skill      XL: |  1  2  3  4  5  6 |
---------------+-------------------+-----
Maces & Flails | 3 4 5 |  5.4
Fighting       | 4 5 |  5.0
Armour         | |  3.4
Shields        | |  3.2

Action                   |  1- 3 |  4- 6 || total
-------------------------+-------+-------++-------
Melee: Flail             |    95 |   239 ||   334
Evoke: Wand              |     1 |     5 ||     6
  Use: Scroll            |     6 |    10 ||    16
       Potion            |       |     5 ||     5
Armor: Scale mail        |    60 |   149 ||   209
Dodge: Dodged            |    50 |    86 ||   136
Block: Buckler           |    11 |     7 ||    18
       Kite shield       |       |   121 ||   121

Table legend: (Time is in decaauts)
 A = Elapsed time spent in this place.
 B = Non-inter-level travel time spent in this place.
 C = Inter-level travel time spent in this place.
 D = Time resting spent in this place.
 E = Time spent auto-exploring this place.
 F = Levels seen in this place.
 G = Mean time per level.
                   A        B        C        D        E       F      G
               +--------+--------+--------+--------+--------+-----+--------+
         Total |   3329 |   3212 |    117 |    149 |   2155 |   5 |  665.8 |
       Dungeon |   2818 |   2701 |    117 |    144 |   1828 |   4 |  704.5 |
         Sewer |    510 |    510 |      0 |      5 |    326 |   1 |  510.0 |
               +--------+--------+--------+--------+--------+-----+--------+

Top non-repeatable levels by time:
     D:2: 1016 daAuts
     D:3: 730 daAuts
     D:4: 573 daAuts
   Sewer: 510 daAuts
     D:1: 498 daAuts
